 Dungeon Crawl Stone Soup version 0.19-a0-1834-g6b7851e (webtiles) character file.

120 KarmaPolice the Slasher (level 4, 0/35 HPs)
             Began as a Vampire Gladiator on Oct 8, 2016.
             Slain by a gnoll
             ... wielding a +0 spear
              (6 damage)
             ... on level 3 of the Dungeon.
             The game lasted 00:08:29 (2807 turns).

KarmaPolice the Slasher (Vampire Gladiator)         Turns: 2807, Time: 00:08:30

Health: 0/35       AC:  5    Str: 15    XL:     4   Next: 75%
Magic:  5/5        EV: 13    Int: 10    God:
Gold:   68         SH:  0    Dex: 14    Spells: 0 memorised, 3 levels left

rFire  . . .     SeeInvis +     a - +0 long sword
rCold  + . .     Gourm    .     b - +0 leather armour
rNeg   + + .     Faith    .     (no shield)
rPois  +         Spirit   .     c - +0 helmet
rElec  .         Dismiss  .     (no cloak)
rCorr  .         Reflect  .     j - +0 pair of gloves
MR     .....     Harm     .     (no boots)
Stlth  ++........               (no amulet)
                                (no ring)
                                (no ring)

@: regenerating slowly
A: fangs 3, see invisible, unbreathing
a: Bat Form


You were on level 3 of the Dungeon.
You were thirsty.

You visited 1 branch of the dungeon, and saw 3 of its levels.

You collected 68 gold pieces.

Inventory:

Hand Weapons
 a - a +0 long sword (weapon)
Missiles
 d - 3 throwing nets (quivered)
Armour
 b - a +0 leather armour (worn)
 c - a +0 helmet (worn)
 j - a +0 pair of gloves (worn)
Jewellery
 h - an uncursed amulet of dismissal {unknown}
Wands
 g - a wand of digging (11/24)
Scrolls
 f - 3 scrolls of identify {unknown}
 k - a scroll of remove curse {unknown}
Potions
 e - 8 potions of blood
 i - a potion of flight {unknown}
 l - a potion of magic {unknown}


   Skills:
 + Level 3.2 Fighting
 + Level 4.1 Long Blades
 - Level 1.5 Throwing
 - Level 3.2 Dodging
 + Level 1.5 Evocations


You had 3 spell levels left.
You didn't know any spells.

Dungeon Overview and Level Annotations

Branches:
Dungeon (3/15)

Altars:
Fedhas


Innate Abilities, Weirdness & Mutations

You heal slowly.
You have razor-sharp teeth.
You have supernaturally acute eyesight. (SInv)
You can survive without breathing.


Message History

The gnoll is moderately wounded.
The gnoll hits you with a spear!
You barely miss the gnoll.
The gnoll is moderately wounded.
The gnoll closely misses you.
You barely miss the gnoll.
The gnoll is moderately wounded.
The gnoll hits you with a spear.
You hit the gnoll.
The gnoll is moderately wounded.
The gnoll hits you with a spear. x2
* * * LOW HITPOINT WARNING * * *
You are too injured to fight recklessly!
You are too injured to fight recklessly!
You are too injured to fight recklessly!
You are too injured to fight recklessly!
You barely miss the gnoll. Your bite misses the gnoll.
The gnoll is moderately wounded.
The gnoll hits you with a spear.
You die...

#.# #.# #.# #.# #.# #.# #.#
#.# #.# #.# #.# #.#########
#.####### #.#.......#
#.......###.#.########
#######.#.....@g.†...# ###
..#.#.#.#....#.##.# #.#
#.#.#.#.####.# <. #.#
#.#.#.#.# #.# #.# #.#####
#.#.#.#.# #.. # #......
##.###.#.#.#.# #### #..####
#........#.#.. #..# #
.........#.###############..#
#
######.#.....%..............#
#


You could see a gnoll.

Vanquished Creatures
  2 gnolls (D:3)
  4 adders (D:2)
  An ooze (D:1)
  2 worms (D:2)
  A dart slug (D:1)
  2 leopard geckos
  A ball python (D:3)
  A giant cockroach (D:2)
  4 goblins
  11 hobgoblins
  4 jackals (D:3)
  5 bats
  5 frilled lizards
  6 kobolds
  2 rats
51 creatures vanquished.

Notes
Turn   | Place    | Note
-------+----------+-------------------------------------------
     0 | D:1      | KarmaPolice the Vampire Gladiator began the quest for the Orb.
     0 | D:1      | Reached XP level 1. HP: 16/16 MP: 1/1
   178 | D:1      | Reached XP level 2. HP: 13/22 MP: 2/2
  1152 | D:2      | Reached XP level 3. HP: 28/28 MP: 3/3
  1813 | D:2      | Reached XP level 4. HP: 27/35 MP: 4/4
  1817 | D:2      | Reached skill level 1 in Evocations
  1847 | D:2      | Noticed a bullfrog
  2047 | D:2      | Found a blossoming altar of Fedhas.
  2250 | D:3      | Reached skill level 4 in Long Blades
  2807 | D:3      | Slain by a gnoll

Vault maps used:
D:1:      dpeg_arrival_boxorama
D:2:      lemuel_coloured_pillars_altar
D:3:      okawaru_altar_gauntlet_db, lemuel_doored_altar, first_bread

Skill      XL: |  1  2  3  4 |
---------------+-------------+-----
Fighting       | 2 3 |  3.2
Evocations     | 1 |  1.5
Long Blades    | 4 |  4.1
Throwing       | |  1.5
Dodging        | |  3.2

Action                   |  1- 3 |  4- 6 || total
-------------------------+-------+-------++-------
Melee: Long sword        |    92 |    66 ||   158
       Bite              |    10 |    12 ||    22
 Abil: End Transformatio |       |     1 ||     1
       Bat Form          |       |     1 ||     1
  Use: Potion            |     1 |     2 ||     3
 Stab: Sleeping          |     2 |     1 ||     3
Armor: Leather armour    |    31 |    19 ||    50
Dodge: Dodged            |    59 |    65 ||   124
       Rpst.: Long sword |    21 |    12 ||    33
